Unix NetHack Version 5.0.0-0 post-release - last build Jun 10 2026 00:39:30 (3ee93aec679c4c4259841fe613dc97188e26a321,branch:main).

Game began 2026-06-18 22:23:31, ended 2026-06-20 21:29:28.

Felix1, neutral male gnomish Wizard

                  n
               G
      ----.
    --|......q
   --.|-..@a.
  --..|....|.
  |.....----
  |<..---
  -----
Felix1 the Conjurer       St:10 Dx:14 Co:15 In:16 Wi:12 Ch:11  Neutral
Dlvl:5  $:13 HP:0(29) Pw:14(39) AC:9  Xp:5 T:3091 

Latest messages:
 You see here 21 rocks.
 You hear crashing rock.
 You see here 10 rocks.
 You see here 8 rocks.
 You see here 10 rocks.
 You see here 11 rocks.
 You see here 11 rocks.
 You see here 11 rocks.
 You see here 10 rocks.
 You miss the newt.
 You kill the newt!
 You see here a hooked polearm.
 You hear crashing rock.
 You miss the red mold.
 You miss the red mold.
 You miss the red mold.
 You are suddenly very hot!
 You kill the red mold!
 You are beginning to feel hungry.
 Blecch!  Rotten food!
 You hear crashing rock.
 You see here 8 rocks.
 You hear crashing rock.
 Really step into that pit? [yn] (n) n
 You descend the stairs.
 What do you want to use or apply? [clmrw-zAE or ?*] z
 Your lantern is now on.
 You are beginning to feel hungry.
 What do you want to zap? [c or ?*] a
 That is a silly thing to zap.
 What do you want to use or apply? [clmrw-zAE or ?*] z
 Your lantern is now off.
 What do you want to eat? [nFH or ?*] <esc>
 Never mind.
 What do you want to eat? [nFH or ?*] H
 This food really hits the spot!
 You finish eating the food ration.
 You miss the giant beetle.
 The giant beetle bites!
 In what direction? 6
 The spell hits the giant beetle!
 The giant beetle bites!
 In what direction? 6
 The spell misses the giant beetle.
 The giant beetle bites!
 In what direction? 6
 The spell misses the giant beetle.
 The giant beetle bites!
 You die...
 Do you want your possessions identified? [ynq] (y) q

Inventory:
 Coins    ('$')
  $ - 13 gold pieces
 Weapons  (')')
  a - a blessed +1 quarterstaff (weapon in hands)
 Armor    ('[')
  b - an uncursed +0 cloak of magic resistance (being worn)
  u - an uncursed +0 mummy wrapping
 Comestibles  ('%')
  n - an uncursed carrot
  H - an uncursed food ration
  F - an uncursed tripe ration
 Scrolls  ('?')
  D - a blessed scroll of confuse monster
  i - an uncursed scroll of destroy armor
  t - a cursed scroll of enchant weapon
  k - an uncursed scroll of food detection
  B - a cursed scroll of gold detection
  J - a blessed scroll of identify
  j - an uncursed scroll of identify
  p - an uncursed scroll of magic mapping
 Spellbooks  ('+')
  r - an uncursed spellbook of cause fear
  w - an uncursed spellbook of cure sickness
  m - an uncursed spellbook of extra healing
  l - a blessed spellbook of force bolt
 Potions  ('!')
  f - an uncursed potion of gain ability
  I - an uncursed potion of gain energy
  C - an uncursed potion of gain level
  q - 2 uncursed potions of hallucination
  h - an uncursed potion of healing
  g - an uncursed potion of monster detection
  K - a cursed potion of speed
 Rings    ('=')
  d - an uncursed ring of polymorph control
  e - an uncursed +1 ring of protection
 Wands    ('/')
  c - a wand of stasis (0:6)
 Tools    ('(')
  z - an uncursed brass lantern
  A - an uncursed lock pick
  E - an uncursed skeleton key
  y - an uncursed tallow candle
  x - an uncursed towel
 Gems/Stones  ('*')
  s - an uncursed topaz stone
  M - an uncursed worthless piece of green glass
  N - an uncursed worthless piece of white glass
  L - an uncursed worthless piece of yellowish brown glass

Felix1 the Wizard's attributes:

Background:
 You were a Conjurer, a level 5 male gnomish Wizard.
 You were neutral, nominally on a mission for Thoth
 who was opposed by Ptah (lawful) and Anhur (chaotic).
 You were right-handed.
 You were in the Gnomish Mines, on level 5.
 You entered the dungeon 3091 turns ago.
 You had 196 experience points, 124 more were needed to attain level 6.

Basics:
 You had 0 out of 29 hit points.
 You had 14 out of 39 energy points (spell power).
 Your armor class was 9.
 Your wallet contained 13 zorkmids.
 Autopickup was off.

Final Characteristics:
 Your strength was 10 (limit:18/50).
 Your dexterity was 14 (limit:18).
 Your constitution was 15 (limit:18).
 Your intelligence was 16 (limit:19).
 Your wisdom was 12 (limit:18).
 Your charisma was 11 (limit:18).

Final Status:
 You weren't hungry.
 You were unencumbered.
 You were wielding a quarterstaff.
 You had basic skill with quarterstaff.

Final Attributes:
 You had strayed.
 You were magic-protected.
 You were telepathic.
 You had infravision.
 You aggravated monsters.
 You were warded.
 You were unlucky.
 You are dead.

Miscellaneous:
 You encountered 1 bones level.
 Total elapsed playing time was 23 minutes and 58 seconds.

Major events:
 Turn
    1: Felix1 the neutral male gnomish Wizard entered the dungeon
 1132: attained the rank of Conjurer (level 3)
 2125: entered the Gnomish Mines
 3065: reached Mine Town
 3091: killed by a giant beetle

Spells:
 Name                 Level Category     Fail Retention
 force bolt             1   attack         0%   81%-90%
 extra healing          3   healing       96%  76%-100%
 cause fear             3   enchantment    0%  91%-100%

Skills:
 Fighting Skills
   bare handed combat [Unskilled]
   riding             [Unskilled]
 Weapon Skills
   dagger             [Unskilled]
   knife              [Unskilled]
   axe                [Unskilled]
   short sword        [Unskilled]
   club               [Unskilled]
   mace               [Unskilled]
   quarterstaff       [Basic]
   polearms           [Unskilled]
   spear              [Unskilled]
   trident            [Unskilled]
   sling              [Unskilled]
   dart               [Unskilled]
   shuriken           [Unskilled]
 Spellcasting Skills
   attack spells      [Basic]
   healing spells     [Unskilled]
   divination spells  [Unskilled]
   enchantment spells [Basic]
   clerical spells    [Unskilled]
   escape spells      [Unskilled]
   matter spells      [Unskilled]

Voluntary challenges:
 Character rerolling was not enabled.
 You were an atheist.
 You never genocided any monsters.
 You never polymorphed an object.
 You never changed form.
 You used no wishes.
Achievements:
 You entered a shop.
 You attained the rank of Conjurer.
 You entered the Gnomish Mines.
 You entered Minetown.

 The Dungeons of Doom: levels 1 to 4
    Level 1:
    Level 2:
       A tool shop, many fountains.
       Stairs down to The Gnomish Mines.
    Level 3:
       A grave.
    Level 4:
       Some fountains.
 The Gnomish Mines: levels 3 to 5
    Level 3:
    Level 4:
    Level 5: <- You were here.
       Final resting place for
          you, killed by a giant beetle,
          augmentedfourth-Val-Dwa-Fem-Law, killed by a mumak.


Vanquished creatures:
  a rock mole
  2 shriekers
  a kobold mummy
  2 elf zombies
  a giant ant
  a floating eye
  2 rothes
  a giant bat
  2 dwarf zombies
  a large kobold
  a hobgoblin
  2 giant rats
  a cave spider
  2 yellow molds
  2 red molds
  3 gnomes
  3 geckos
  6 jackals
  a fox
  2 goblins
  2 sewer rats
  4 grid bugs
  5 lichens
  9 newts
57 creatures vanquished.

No species were genocided or became extinct.

Game over:
                       ----------
                      /          \
                     /    REST    \
                    /      IN      \
                   /     PEACE      \
                  /                  \
                  |      Felix1      |
                  |      13 Au       |
                  |   killed by a    |
                  |   giant beetle   |
                  |                  |
                  |                  |
                  |       2026       |
                 *|     *  *  *      | *
        _________)/\\_//(\/(/\)/\//\/|_)_______

Goodbye Felix1 the Wizard...

You died in The Gnomish Mines on dungeon level 5 with 996 points,
and 13 pieces of gold, after 3091 moves.
You were level 5 with a maximum of 29 hit points when you died.

